 Dungeon Crawl Stone Soup version 0.21.1-1-g345015fe64 (webtiles) character file.

1626 Norrik the Fighter (level 8, -1/78 HPs)
             Began as a Minotaur Monk on Apr 5, 2018.
             Was a Believer of Okawaru.
             Slain by a howler monkey (2 damage)
             ... on level 8 of the Dungeon on Apr 6, 2018.
             The game lasted 00:20:51 (6120 turns).

Norrik the Fighter (Minotaur Monk)                  Turns: 6120, Time: 00:20:53

Health: -1/78      AC: 11    Str: 17    XL:     8   Next: 65%
Magic:  7/7        EV:  8    Int: 10    God:    Okawaru [**....]
Gold:   320        SH:  4    Dex: 14    Spells: 7/7 levels left

rFire    . . .     SeeInvis +   A - +5 rapier of Peurir {drain, rElec Int+3}
rCold    . . .     Gourm    .   (no shield)
rNeg     . . .     Faith    .   k - +0 chain mail
rPois    .         Spirit   .   (helmet restricted)
rElec    +         Reflect  +   p - +0 cloak
rCorr    .         Harm     .   (no gloves)
MR       .....                  (no boots)
Stlth    ..........             r - +4 amulet of reflection
HPRegen  0.23/turn              w - ring of see invisible
MPRegen  0.10/turn              (no ring)

@: heavily drained
A: retaliatory headbutt, horns 2
a: Heroism, Renounce Religion


You were on level 8 of the Dungeon.
You worshipped Okawaru.
Okawaru was pleased with you.
You were hungry.

You visited 2 branches of the dungeon, and saw 10 of its levels.
You also visited: Sewer.

You collected 320 gold pieces.

Inventory:

Hand Weapons
 a - a +0 mace
 i - a +0 dagger of draining
 A - the +5 rapier of Peurir (weapon) {drain, rElec Int+3}
   (You found it on level 4 of the Dungeon)

   A truly terrible weapon, it drains the life of those it strikes.
   It affects your intelligence (+3).
   It insulates you from electricity.
 E - a +3 dire flail of freezing
 G - a +4 falchion
Missiles
 s - 109 arrows
 K - 6 javelins (quivered)
Armour
 b - a +0 robe
 k - a +0 chain mail (worn)
 p - a +0 cloak (worn)
Jewellery
 r - a +4 amulet of reflection (around neck)
 w - a ring of see invisible (left hand)
Wands
 z - a wand of iceblast (6)
 F - a wand of polymorph (12)
 I - a wand of disintegration (5)
Scrolls
 f - 5 scrolls of teleportation
 g - 8 scrolls of identify {unknown}
 l - a scroll of magic mapping
 q - 3 scrolls of enchant weapon {unknown}
 u - 2 scrolls of random uselessness {unknown}
 v - a scroll of blinking {unknown}
 x - 3 scrolls of remove curse {unknown}
 y - 2 scrolls of enchant armour {unknown}
 C - a scroll of fog {unknown}
 D - a scroll of summoning {unknown}
Potions
 d - a potion of flight {unknown}
 e - a potion of might {unknown}
 h - a potion of ambrosia {unknown}
 j - 2 potions of magic {unknown}
 m - a potion of mutation {unknown}
 n - 2 potions of degeneration {unknown}
 o - a potion of invisibility {unknown}
 t - 3 potions of berserk rage {unknown}
 H - a potion of curing {unknown}
 J - a potion of lignification {unknown}
Books
 B - a book of Geomancy

   Spells                             Type                      Level
   a - Sandblast                      Earth                        1
   b - Passwall                       Transmutation/Earth          2
   c - Stone Arrow                    Conjuration/Earth            3
   d - Petrify                        Transmutation/Earth          4
   e - Lee's Rapid Deconstruction     Earth                        5
Comestibles
 c - 8 rations


   Skills:
 + Level 9.5(7.9) Fighting
 * Level 4.2(2.8) Long Blades
 - Level 3.6(2.2) Maces & Flails
 + Level 8.6(7.1) Armour
 - Level 3.2(1.9) Dodging
 - Level 1.5(0.3) Stealth


You had 7 spell levels left.
You didn't know any spells.

Dungeon Overview and Level Annotations

Branches:
Dungeon (9/15)             Temple (1/1) D:7
   Lair: D:8-11         Orc: D:9-12

Altars:
Ashenzari
Cheibriados
Dithmenos
Elyvilon
Fedhas
Gozag
Hepliaklqana
Kikubaaqudgha
Nemelex Xobeh
Okawaru
Qazlal
Ru
Sif Muna
Trog
Uskayaw
Wu Jian
Xom
Yredelemnul
Zin
The Shining One

Annotations:
D:9 htuhola's ghost, novice DgEE


Innate Abilities, Weirdness & Mutations

You reflexively headbutt those who attack you in melee.
You have a pair of horns on your head.


Message History

The howler monkey hits you but does no damage.
You block the worker ant's attack. The adder bites you.
* * * LOW HITPOINT WARNING * * *
You closely miss the adder. Your headbutt misses the adder.
The adder is severely wounded.
The howler monkey hits you but does no damage.
You block the worker ant's attack. You block the adder's attack.
You miss the adder.
The adder is severely wounded.
The howler monkey closely misses you. You furiously retaliate!
You headbutt the howler monkey. The adder bites you but does no damage.
The worker ant bites you but does no damage.
The howler monkey completely misses you.
You puncture the adder!
You kill the adder!
Okawaru accepts your kill. The worker ant bites you.
* * * LOW HITPOINT WARNING * * *
The howler monkey hits you.
You die...

#.. #.#
#.# #.#
#.# #.#
#.####...
#@a......
#h####...
#.# #.#
#.# #.#
... ...


You could see a howler monkey and a worker ant.

Vanquished Creatures
  2 ice beasts
  A hornet zombie (D:7)
  2 centaurs
  The ghost of TheWayOfAllFlesh the Magician, an amateur GnWz (D:3)
  4 bullfrogs
  2 scorpions
  4 wights
  A howler monkey (D:5)
  2 crimson imps
  2 orc priests
  A jelly (D:6)
  2 hounds
  A bullfrog skeleton (D:5)
  An orc wizard (D:5)
  An iguana (D:5)
  A worker ant (D:4)
  Robin (D:3)
  7 adders
  A river rat (D:4)
  2 oozes (D:2)
  3 worms
  A dart slug (D:4)
  7 leopard geckos
  14 orcs
  6 ball pythons
  6 bats
  15 giant cockroaches
  15 goblins
  8 hobgoblins
  5 quokkas
  14 frilled lizards
  A giant cockroach zombie (D:6)
  A jackal skeleton (D:4)
  3 kobolds
  A leopard gecko zombie (D:5)
  10 rats
  A butterfly (D:7)
150 creatures vanquished.

Notes
Turn   | Place    | Note
-------+----------+-------------------------------------------
     0 | D:1      | Norrik the Minotaur Monk began the quest for the Orb.
     0 | D:1      | Reached XP level 1. HP: 19/19 MP: 0/0
   220 | D:1      | Reached skill level 1 in Armour
   494 | D:1      | Reached skill level 4 in Fighting
   494 | D:1      | Reached XP level 2. HP: 25/27 MP: 1/1
  1282 | D:2      | Reached XP level 3. HP: 10/34 MP: 2/2
  1878 | D:2      | Reached skill level 5 in Fighting
  1878 | D:2      | Reached XP level 4. HP: 20/42 MP: 3/3
  2090 | D:2      | Noticed a centaur
  2097 | D:2      | Killed a centaur
  2097 | D:2      | Reached XP level 5. HP: 34/49 MP: 4/4
  2257 | D:3      | Noticed Robin
  2271 | D:3      | Killed Robin
  2346 | D:3      | Noticed TheWayOfAllFlesh's ghost (amateur GnWz)
  2365 | D:3      | Killed TheWayOfAllFlesh's ghost
  2365 | D:3      | Reached skill level 6 in Fighting
  2803 | D:3      | Reached XP level 6. HP: 46/57 MP: 5/5
  2976 | D:4      | Reached skill level 5 in Armour
  3010 | D:4      | Found a shimmering altar of Xom.
  3047 | D:4      | Found a glowing drain.
  3051 | Sewer    | Entered a sewer
  3362 | Sewer    | Reached skill level 7 in Fighting
  3500 | D:4      | Found a shimmering altar of Xom.
  3589 | D:4      | Found a snail-covered altar of Cheibriados.
  3735 | D:4      | Reached XP level 7. HP: 59/66 MP: 6/6
  3756 | D:4      | Got a steaming rapier
  3871 | D:4      | Found a shimmering altar of Xom.
  4082 | D:4      | Identified the +5 rapier of Peurir {drain, rElec Int+3} (You found it on level 4 of the Dungeon)
  4197 | D:5      | Entered Level 5 of the Dungeon
  4527 | D:5      | Found a deep blue altar of Sif Muna.
  4538 | D:5      | Reached skill level 8 in Fighting
  5260 | D:6      | Reached XP level 8. HP: 56/75 MP: 7/7
  5402 | D:6      | Reached skill level 9 in Fighting
  5494 | D:6      | Reached skill level 1 in Long Blades
  5703 | D:7      | Found an ancient bone altar of Kikubaaqudgha.
  5785 | D:7      | Found a staircase to the Ecumenical Temple.
  5793 | Temple   | Entered the Ecumenical Temple
  5877 | Temple   | Became a worshipper of Warmaster Okawaru
  5877 | Temple   | Reached * piety under Okawaru
  5877 | Temple   | Reached ** piety under Okawaru
  6088 | D:7      | You fall through a shaft for 2 floors!
  6088 | D:9      | Noticed htuhola's ghost (novice DgEE)
  6096 | D:9      | Noticed a two-headed ogre
  6120 | D:8      | HP: 1/78 [worker ant (3)]
  6120 | D:8      | Slain by a howler monkey

Skill      XL: |  1  2  3  4  5  6  7  8 |
---------------+-------------------------+-----
Armour         | 1 2 3 4 6 7 8 |  8.6
Fighting       | 4 5 6 7 8 9 |  9.5
Long Blades    | 4 |  4.2
Maces & Flails | |  3.6
Dodging        | |  3.2
Stealth        | |  1.5

Action                   |  1- 3 |  4- 6 |  7- 9 || total
-------------------------+-------+-------+-------++-------
Melee: Mace              |    27 |       |       ||    27
       Headbutt          |    14 |    23 |    36 ||    73
       Dagger            |    51 |   164 |    27 ||   242
       Rapier            |       |       |   130 ||   130
  Use: Scroll            |     1 |     2 |       ||     3
 Stab: Sleeping          |     3 |     1 |       ||     4
       Distracted        |       |     1 |       ||     1
  Eat: Chunk             |     2 |     7 |     7 ||    16
Armor: Robe              |     7 |    22 |     3 ||    32
       Chain mail        |       |       |    98 ||    98
Dodge: Dodged            |    56 |   117 |    77 ||   250
Block: Other             |       |    28 |    34 ||    62
       Reflection        |       |       |     2 ||     2
